AoeStats
← mazibu

Golden Pit

507939165Analyzed
1v1 RM · 12d ago on Sep 20, 2026· 36m 46s· 2 players
Game mode
Random Map
Map size
Tiny (2 player)
Population
200
Speed
Normal
Resources
Standard
Victory
Conquest
Starting age
Dark Age
Ending age
Imperial Age
RankedLock teamsTeams togetherTeam positionsShared explorationLock speedFull tech treeHidden civsTurbo modeCheats
Victory
Defeat
🇺🇸 Burgundians · United States
965
+18
🇩🇪 Koreans · Germany
1002
-18
blue_lemon
1:19 Wheelbarrow
2:59 Loom
13:33 Feudal Age
12:10 Gold Mining
15:48 Scale Mail Armor
18:34 Horse Collar
22:51 Castle Age
21:04 Fletching
21:25 Heavy Plow
21:16 Double-Bit Axe
22:21 Bow Saw
24:51 Cavalier
26:25 Squires
27:32 Husbandry
32:52 Crop Rotation
33:04 Town Watch
35:06 Scale Barding Armor
35:12 Forging
36:01 Bodkin Arrow
mazibu
7:41 Loom
10:49 Feudal Age
16:03 Castle Age
15:02 Double-Bit Axe
27:24 Pikeman
29:17 Crossbowman
34:21 Fletching
Connection lost

Rejoining the realm…

Still unreachable

The connection could not be restored.

Session expired

The server has moved on; the page needs a fresh start.